 Dungeon Crawl Stone Soup version 0.22-a0-445-g8c8ef71 (webtiles) character file.

1761 Gorglomux the Shield-Bearer (level 8, -1/76 HPs)
             Began as a Deep Dwarf Fighter on June 2, 2018.
             Slain by a sun demon (18 damage)
             ... summoned by Xom
             ... on level 6 of the Dungeon.
             The game lasted 00:02:30 (2119 turns).

Gorglomux the Shield-Bearer (Deep Dwarf Fighter)    Turns: 2119, Time: 00:02:32

Health: -1/76      AC: 13    Str: 21 (22) XL:     8   Next: 79%
Magic:  4/4        EV:  5    Int: 10 (13) God:    Xom [*.....]
Gold:   269        SH: 11    Dex: 16 (17) Spells: 7/7 levels left

rFire    . . .     SeeInvis .   a - +0 war axe
rCold    . . .     Gourm    .   c - +0 shield
rNeg     . . .     Faith    .   o - +0 plate armour
rPois    .         Spirit   .   (no helmet)
rElec    .         Reflect  .   (no cloak)
rCorr    .         Harm     .   (no gloves)
MR       +....                  (no boots)
Stlth    ..........             (no amulet)
HPRegen  0.00/turn              l - +5 ring of dexterity
MPRegen  0.09/turn              r - +4 ring of intelligence

@: non-regenerating
A: damage resistance, heal wounds, sense surroundings 1, no regeneration
a: Heal Wounds, Renounce Religion


You were on level 6 of the Dungeon.
You worshipped Xom.
You were a special plaything of Xom.
You were not hungry.

You visited 1 branch of the dungeon, and saw 6 of its levels.

You collected 269 gold pieces.

Inventory:

Hand Weapons
 a - a +0 war axe (weapon)
Armour
 b - a +0 scale mail
 c - a +0 shield (worn)
 o - a +0 plate armour (worn)
Jewellery
 l - a +5 ring of dexterity (left hand)
 r - a +4 ring of intelligence (right hand)
Wands
 A - a wand of acid (13)
Scrolls
 h - a scroll of remove curse {unknown}
 m - 2 scrolls of enchant weapon {unknown}
 p - 2 scrolls of teleportation {unknown}
 u - 2 scrolls of identify {unknown}
 B - 2 scrolls of fear {unknown}
 E - a scroll of fog {unknown}
 F - a scroll of magic mapping {unknown}
Potions
 d - a potion of might
 g - a potion of lignification {unknown}
 k - 2 potions of degeneration
 n - a potion of ambrosia {unknown}
 q - 2 potions of heal wounds {unknown}
 s - a potion of flight {unknown}
 D - a potion of haste {unknown}
 Q - 3 potions of curing
Comestibles
 f - 11 rations
 C - 10 chunks of flesh


   Skills:
 + Level 5.8 Fighting
 + Level 6.6 Axes
 + Level 7.0 Armour
 + Level 7.0 Shields


You had 7 spell levels left.
You didn't know any spells.
Your spell library was empty.

Dungeon Overview and Level Annotations

Branches:
Dungeon (6/15)             Temple (0/1) D:6

Altars:
Ashenzari
Trog
Uskayaw
Xom


Innate Abilities, Weirdness & Mutations

You are resistant to damage.
You can heal yourself by infusing magical energy.
You passively map a small area around you.
You do not regenerate.


Message History

Your Shields skill increases to level 7!!!
You closely miss the sun demon! You block the sun demon's attack!
The sun demon completely misses you!
You carve the sun demon but do no damage!
The sun demon hits you!!!
You are engulfed in flames!!!!!! * * * don't die
* * * Unknown command!
Okay, then!
It was a potion of degeneration!
There was something very wrong with that liquid!
You feel weakened!
You feel dopey!
You feel clumsy!
Xom is mildly amused!
Xom thinks this is hilarious!!!
Butt block the sun demon's attack!
It was a potion of curing!
You feel better!
Xom thinks this is hilarious!!!
Q - 3 potions of curing The sun demon hits you! * * * don't die
* * * You are engulfed in flames!!!!!! rip

#........'........#####
#.####...##........###
#.# #...##.........[#
#.# #...##..)....)#.#
#.# #...##....)...#.#
#.# #...##.....)#.#.##
#.# #...##......#.#..#
#.# #...##....).#.#..#
#.#* #@3####.....#.#...
#.#..).....#.....#.....
#.#........#.....######
#.#..#.....#.....#***
#.#...?....#....... ,
###...)....#.#######* *
#. ...#..#. #........#.
, ,, #.


You could see a sun demon.

Vanquished Creatures
  An ice beast (D:5)
  2 orc warriors (D:6)
  3 phantoms
  A centaur (D:6)
  2 ogres
  Blork the orc (D:4)
  2 scorpions
  A howler monkey (D:5)
  A crimson imp (D:6)
  A jelly (D:5)
  A hound (D:4)
  A centaur skeleton (D:4)
  3 orc priests
  2 bullfrog skeletons
  An iguana (D:6)
  6 orc wizards
  6 worker ants
  A hound zombie (D:6)
  6 adders
  A shadow imp (D:6)
  2 oozes
  A worm (D:3)
  2 leopard geckos
  22 orcs
  8 bats
  5 giant cockroaches
  3 goblins
  7 hobgoblins
  3 jackals (D:6)
  4 quokkas
  3 frilled lizards
  5 kobolds
  A quokka zombie (D:5)
  4 rats
113 creatures vanquished.

Notes
Turn   | Place    | Note
-------+----------+-------------------------------------------
     0 | D:1      | Gorglomux the Deep Dwarf Fighter began the quest for the Orb.
     0 | D:1      | Reached XP level 1. HP: 20/20 MP: 1/1
   109 | D:1      | Reached XP level 2. HP: 21/27 MP: 2/2
   273 | D:3      | Reached skill level 3 in Fighting
   280 | D:3      | Reached XP level 3. HP: 13/34 MP: 3/3
   337 | D:3      | Reached skill level 3 in Axes
   387 | D:3      | Reached XP level 4. HP: 40/42 MP: 4/4
   411 | D:3      | Found a shimmering altar of Xom.
   432 | D:3      | Became a worshipper of Xom of Chaos
   437 | D:3      | XOM: divination: magic mapping
   671 | D:4      | Noticed a phantom
   671 | D:4      | Noticed a phantom
   675 | D:4      | XOM: potion effect (might)
   680 | D:4      | Killed a phantom
   680 | D:4      | Reached XP level 5. HP: 43/49 MP: 5/5
   689 | D:4      | Killed a phantom
   689 | D:4      | Reached XP level 6. HP: 50/57 MP: 6/6
   861 | D:4      | XOM: potion effect (invisibility)
   879 | D:4      | Noticed Blork the orc
   889 | D:4      | XOM: smoke on damage
   890 | D:4      | Reached XP level 7. HP: 37/66 MP: 6/6
   902 | D:4      | XOM: harmless Necr miscast
   903 | D:4      | Killed Blork the orc
   989 | D:4      | Found a bloodstained altar of Trog.
  1050 | D:5      | Entered Level 5 of the Dungeon
  1080 | D:5      | XOM is BORED!
  1080 | D:5      | XOM: harmless Fire miscast
  1110 | D:5      | XOM: divination: detect items
  1141 | D:5      | XOM: divination: detect items
  1162 | D:5      | XOM: potion effect (heal wounds)
  1167 | D:5      | XOM: potion effect (invisibility)
  1336 | D:5      | XOM: divination: detect items
  1362 | D:5      | Reached skill level 6 in Armour
  1390 | D:5      | Found a hide-covered altar of Uskayaw.
  1442 | D:5      | Found a shattered altar of Ashenzari.
  1526 | D:5      | XOM: divination: detect creatures
  1681 | D:6      | Reached skill level 6 in Shields
  1681 | D:6      | Reached XP level 8. HP: 53/74 MP: 6/6
  1729 | D:6      | XOM is BORED!
  1729 | D:6      | XOM: silly message
  1878 | D:6      | Reached skill level 6 in Axes
  1883 | D:6      | XOM: potion effect (agility)
  1935 | D:6      | Found a staircase to the Ecumenical Temple.
  1965 | D:6      | XOM: enchant monster (bad)
  2022 | D:6      | XOM: harmless Air miscast
  2034 | D:6      | Found a bloodstained altar of Trog.
  2114 | D:6      | XOM: summons 1 hostile demon
  2115 | D:6      | Noticed a sun demon
  2119 | D:6      | Slain by a sun demon

Vault maps used:
D:1:      moated_graveyard_arrival
D:3:      lemuel_round_altar, first_ration
D:4:      trog_hazing_becter, uniq_blork_the_orc
D:5:      nicolae_overflow_crystal_walls, cheibrodos_ashenzari_chains
D:6:      old_forge, lemuel_coloured_pillars_altar,
          minmay_temple_entry_enclosed_plants, grunt_ministairs_4,
          nrook_mini_backslash, kennysheep_generic_room_7

Skill      XL: |  1  2  3  4  5  6  7  8 |
---------------+-------------------------+-----
Fighting       | 3 4 5 |  5.8
Axes           | 3 4 5 6 |  6.6
Armour         | 4 5 6 7 |  7.0
Shields        | 4 5 6 7 |  7.0

Action                   |  1- 3 |  4- 6 |  7- 9 || total
-------------------------+-------+-------+-------++-------
Melee: War axe           |    88 |    87 |   222 ||   397
 Abil: Heal Wounds       |     1 |     1 |     8 ||    10
  Use: Potion            |       |       |     2 ||     2
 Stab: Invisible         |       |     5 |     1 ||     6
  Eat: Chunk             |       |       |     5 ||     5
Armor: Scale mail        |    69 |    16 |       ||    85
       Plate armour      |       |    41 |   139 ||   180
Dodge: Dodged            |    45 |    20 |    42 ||   107
Block: Shield            |    76 |    52 |   124 ||   252

Table legend:
 A = Spawn XP
 B = Non-spawn XP
 C = Spawn XP percentage of total XP
 D = Spawn monster count
 E = Non-spawn monster count
 F = Spawn count percentage of total count
 G = Total turns spent on level
                    A         B        C        D         E        F      G
               +---------+---------+-------+---------+---------+-------+---------
         Total |       0 |    2516 |   0.0 |       0 |     113 |   0.0 |  2119
               +---------+---------+-------+---------+---------+-------+---------
           D:1 |       0 |      12 |   0.0 |       0 |       6 |   0.0 |   116
           D:2 |       0 |      13 |   0.0 |       0 |       8 |   0.0 |   149
           D:3 |       0 |      93 |   0.0 |       0 |      24 |   0.0 |   345
           D:4 |       0 |     751 |   0.0 |       0 |      30 |   0.0 |   440
           D:5 |       0 |     543 |   0.0 |       0 |      17 |   0.0 |   558
           D:6 |       0 |    1104 |   0.0 |       0 |      28 |   0.0 |   511
               +---------+---------+-------+---------+---------+-------+---------
